 Dungeon Crawl Stone Soup version 0.17.1-1-g73c8601 (webtiles) character file.

407180 Nakatomy the Conqueror (level 22, -15/209 HPs)
             Began as a Minotaur Fighter on Dec 25, 2015.
             Was the Champion of Ru.
             Killed from afar by a merfolk aquamancer (38 damage)
             ... with a great wave of water
             ... on level 4 of the Shoals on Dec 27, 2015.
             The game lasted 05:44:36 (59588 turns).

Nakatomy the Conqueror (Minotaur Fighter)          Turns: 59588, Time: 05:44:36

Health: -15/209    AC: 30    Str: 40    XL:     22   Next: 39%
Magic:  23/28      EV:  6    Int:  9    God:    Ru [******]
Gold:   4190       SH:  0    Dex: 12    Spells: 0 memorised, 30 levels left

rFire  + + .     SeeInvis +     a - +8 glaive (flame)
rCold  + . .     Clarity  .     V - +1 plate armour of Honour {rPois Regen+ Str+4 Int+4}
rNeg   + . .     SustAt   .     (shield currently unavailable)
rPois  +         Gourm    .     U - +0 hat of the Hanged Man {SInv}
rElec  .         Spirit   .     L - +1 cloak
rCorr  .         Warding  +     Q - +0 pair of gloves of the Pits of Slime {rC+ MR+ Dex+2}
rMut   .         Stasis   .     E - +2 pair of boots
MR     ++...                    g - amulet of warding
Stlth  ..........               j - ring of protection from fire
                                p - ring of protection from fire

@: mighty, exhausted, very slightly contaminated, studying Stealth, drained,
invisible, very resistant to hostile enchantments, extremely unstealthy
A: retaliatory headbutt, horns 2, frail 1, inability to use devices, hated by
all, inability to train dodging, slow reflexes 1
a: Draw Out Power, Power Leap, Apocalypse, Renounce Religion
}: 2/15 runes: silver, gossamer


You were on level 4 of the Shoals.
You worshipped Ru.
Ru was exalted by your worship.
You were not hungry.

You visited 6 branches of the dungeon, and saw 40 of its levels.
You visited 1 bazaar.
You also visited: Sewer, Bailey and Ice Cave.

You collected 7622 gold pieces.
You spent 3432 gold pieces at shops.

Inventory:

Hand Weapons
 a - a +8 glaive of flaming (weapon)
 b - a +1 executioner's axe of electrocution
 m - the +8 quarterstaff "Nakatomy's Death" {venom, *Drain rN+ Int+4, unknown}
   (You took it off a merfolk on level 4 of the Shoals)

   It poisons the flesh of those it strikes.
   It affects your intelligence (+4).
   It protects you from negative energy.
   It causes draining when unequipped.
Armour
 f - the +12 plate armour of Action {Str+2}
   (You found it on level 2 of the Spider Nest)

   It affects your strength (+2).
 B - the +5 ring mail of the Eternal Fruit {rF+ rN+++ Int-2 Dex-2}
   (You found it on level 14 of the Dungeon)

   It affects your intelligence (-2).
   It affects your dexterity (-2).
   It protects you from fire.
   It renders you almost immune to negative energy.
 E - a +2 pair of boots (worn)
 L - a +1 cloak (worn)
 Q - the +0 pair of gloves of the Pits of Slime (worn) {rC+ MR+ Dex+2}
   (You bought it in a shop on level 15 of the Dungeon)

   It affects your dexterity (+2).
   It protects you from cold.
   It affects your resistance to hostile enchantments.
 U - the +0 hat of the Hanged Man (worn) {SInv}
   (You acquired it on level 1 of the Lair of Beasts)

   It lets you see invisible.
 V - the +1 plate armour of Honour (worn) {rPois Regen+ Str+4 Int+4}
   (You bought it in a shop on level 4 of the Orcish Mines)

   It affects your strength (+4).
   It affects your intelligence (+4).
   It protects you from poison.
   It increases your rate of regeneration.
Jewellery
 g - an amulet of warding (around neck)
 j - a ring of protection from fire (right hand)
 k - a +1 ring of protection
 o - the ring "Qukaum" {+/*Tele rPois rC- rN+ MP+9}
   (You bought it in a shop in a bazaar)

   [ring of teleportation]

   It may teleport you next to monsters, and can be evoked to randomly teleport.
   It makes you vulnerable to cold.
   It protects you from poison.
   It protects you from negative energy.
   It affects your magic capacity (+9).
 p - a ring of protection from fire (left hand)
 s - an uncursed amulet of regeneration
Scrolls
 c - 12 scrolls of identify
 l - 7 scrolls of enchant armour
 n - 6 scrolls of fear
 r - 8 scrolls of teleportation
 y - 4 scrolls of blinking
 z - 2 scrolls of fog
 C - 12 scrolls of magic mapping
 I - 2 scrolls of enchant weapon
 J - 11 scrolls of amnesia
 K - 2 scrolls of silence
 O - 12 scrolls of remove curse
 X - 4 scrolls of immolation
Potions
 d - 4 potions of might
 q - 2 potions of flight
 u - a potion of invisibility
 x - 2 potions of magic
 D - 6 potions of brilliance
 F - 4 potions of agility
 R - 4 potions of cancellation
Books
 h - a Necronomicon

   Spells                             Type                      Level
   a - Haunt                          Necromancy/Summoning         7
   b - Borgnjor's Revivification      Necromancy                   8
   c - Death's Door                   Charms/Necromancy            8
   d - Necromutation                  Transmutation/Necromancy     8
 t - a manual of Stealth
 v - a book of Conjurations

   Spells                             Type                      Level
   a - Magic Dart                     Conjuration                  1
   b - Searing Ray                    Conjuration                  2
   c - Dazzling Spray                 Conjuration/Hexes            3
   d - Fulminant Prism                Conjuration/Hexes            4
   e - Iskenderun's Mystic Blast      Conjuration                  4
   f - Iskenderun's Battlesphere      Conjuration/Charms           5
 w - a book of Death

   Spells                             Type                      Level
   a - Corpse Rot                     Necromancy                   2
   b - Sublimation of Blood           Necromancy                   2
   c - Agony                          Necromancy                   5
   d - Dispel Undead                  Necromancy                   5
   e - Excruciating Wounds            Charms/Necromancy            5
   f - Bolt of Draining               Conjuration/Necromancy       5
 A - a Grand Grimoire

   Spells                             Type                      Level
   a - Monstrous Menagerie            Summoning                    6
   b - Summon Greater Demon           Summoning                    7
   c - Malign Gateway                 Summoning/Translocation      7
   d - Summon Horrible Things         Summoning                    8
 G - an Akashic Record

   Spells                             Type                      Level
   a - Dispersal                      Translocation                6
   b - Malign Gateway                 Summoning/Translocation      7
   c - Disjunction                    Translocation                8
   d - Controlled Blink               Translocation                8
 H - Cigotuvi's Grimoire of Poisonous Shape Shifting
   (You found it on level 5 of the Vaults)

   Spells                             Type                      Level
   a - Beastly Appendage              Transmutation                1
   b - Ignite Poison                  Fire/Transmutation/Poison    3
   c - Spider Form                    Transmutation/Poison         3
   d - Hydra Form                     Transmutation                6
Comestibles
 e - 15 bread rations
 i - 3 royal jellies
 N - 7 meat rations
 P - a slice of pizza
 S - 6 fruits
 T - a beef jerky
 W - 2 chunks of flesh


   Skills:
 O Level 27(25.6) Fighting
 - Level 10.0(17.2) Axes
 - Level 23.5(22.8) Polearms
 - Level 24.0(22.7) Armour
   Level 3.6(2.8) Shields
 * Level 4.7(3.9) Spellcasting


You had 30 spell levels left.
You didn't know any spells.

Dungeon Overview and Level Annotations

Branches:
Dungeon (15/15)            Temple (0/1) D:5            Lair (8/8) D:11
 Shoals (4/4) Lair:3       Spider (4/4) Lair:4        Slime (0/6) Lair:6
    Orc (4/4) D:11            Elf (0/3) Orc:4        Vaults (5/5) D:14
  Crypt (0/3) Vaults:3     Depths (0/5) D:15

Altars:
Cheibriados
Dithmenos
Gozag
Kikubaaqudgha
Okawaru
Ru
Trog
Vehumet
Xom
Yredelemnul
Beogh

Shops:
D:5 (   D:6 [   D:9 (   D:13 :=   D:15 }([!   Orc:1 *   Orc:4 }(?}[
Shoals:4 (   Vaults:1 [(*   Vaults:2 :   Vaults:4 [

Portals:
Trove: Vaults:3 (show abyssal rune of Zot)

Annotations:
D:2 Yiuf, 1 exclusion
D:6 2 exclusions
D:9 exclusion: statue


Innate Abilities, Weirdness & Mutations

You reflexively headbutt those who attack you in melee.
You have a pair of horns on your head.
You are frail (-10% HP).
You cannot study or use magical devices.
You are hated by all.
You cannot train Dodging skill.
You have somewhat slow reflexes. (-3 EV)


Message History

You slash the merfolk! You burn the merfolk. You headbutt the merfolk!
The merfolk is heavily wounded.
You redirect the merfolk aquamancer's attack!
You slash the merfolk! You burn the merfolk. Your headbutt misses the merfolk.
The merfolk is almost dead.
The merfolk hits you but does no damage.
Your unstable footing causes you to fumble your attack.
You catch the helpless merfolk completely off-guard!
You carve the merfolk like a ham!!! You burn the merfolk.
You kill the merfolk!
You hear a splash.
The merfolk aquamancer hits you but does no damage.
Drink which item? (? for menu, Esc to quit)
You feel very mighty all of a sudden.
Your unstable footing causes you to fumble your attack.
The merfolk aquamancer hits you but does no damage.
Your unstable footing causes you to fumble your attack.
The merfolk aquamancer gestures at you while chanting.
The great wave of water hits you!
You die...

)..≈≈#≈≈#≈..###........
.#<.≈≈#######...........
###.≈≈≈######..........#
##.PP≈≈≈≈≈.............#
(P≈≈≈≈≈(...(............
P(≈≈≈≈≈≈.)...≈≈≈......≈≈
.≈≈≈≈≈≈≈...(.≈≈......≈≈≈
≈P≈≈≈≈≈≈....)≈≈≈..≈.≈≈≈≈
PP≈≈≈≈≈≈...((≈†)@≈≈≈≈≈≈≈
PP≈P≈≈≈≈≈†.≈≈)≈m≈m≈≈≈≈≈≈
PP≈≈≈≈≈≈.....≈)≈≈≈≈≈≈≈≈≈
.PP≈≈≈≈≈...(.)≈≈≈≈≈≈≈≈≈≈
..≈≈≈≈≈≈......≈≈≈≈≈≈≈≈≈≈
..≈≈≈≈≈≈%......≈≈≈≈≈≈∩≈≈
≈≈≈≈≈≈≈.............≈≈
≈≈≈≈.<...............≈
≈≈≈..................


You could see a merfolk aquamancer and a merfolk.

Vanquished Creatures
  2 ancient liches (Vaults:5)
  Sojobo (Vaults:4)
  The ghost of Kloppie the Slayer, a veteran MiMo of Makhleb (Vaults:5)
  3 golden dragons
  The ghost of futacatgirl the Fencer, an adept DsGl of Okawaru (Vaults:4)
  Rupert (Orc:4)
  5 tentacled monstrosities
  6 titans
  A lich (Vaults:4)
  Polyphemus (Shoals:2)
  5 shadow dragons
  The ghost of Clownie the Imperceptible, an adept OpAs of Ashenzari (Shoals:1)
  Agnes (D:15)
  7 tengu reavers
  4 sphinxes
  2 storm dragons
  Roxanne (D:14)
  5 frost giants
  3 fire giants
  2 deep elf sorcerers
  3 ghost moths (Spider:4)
  Aizul (Spider:1)
  Louise (Spider:3)
  2 iron dragons
  6 emperor scorpions (Spider:4)
  20 vault wardens
  15 ironheart preservers
  3 very ugly things (Vaults:5)
  9 stone giants
  2 deep elf demonologists
  5 salamander stormcallers
  5 deep elf annihilators
  A dire elephant (shapeshifter) (Vaults:5)
  A dire elephant (D:15)
  2 crystal guardians
  5 ettins
  3 merfolk javelineers (Shoals:4)
  A fire dragon (Vaults:1)
  7 merfolk impalers
  32 vault guards
  13 ogre magi
  4 deep elf death magi
  3 great orbs of eyes (Vaults:2)
  An ice dragon (Vaults:2)
  2 entropy weavers
  Harold (Orc:2)
  13 yaktaur captains
  3 catoblepae
  5 hydras
  3 satyrs (Shoals:3)
  A merfolk avatar (Shoals:4)
  9 centaur warriors
  The ghost of Steforg the Destroyer, a journeyman DrCj of Sif Muna (D:10)
  An alligator snapping turtle (Shoals:2)
  The ghost of Tyryt0 the Blocker, a journeyman GrFi of Qazlal (Orc:2)
  A merfolk aquamancer (Shoals:1)
  A queen ant (Lair:2)
  8 death yaks
  A titan skeleton (Vaults:4)
  2 shadow wraiths (Vaults:4)
  A small abomination (Vaults:2)
  2 wizards
  4 deep elf knights
  6 sea snakes
  A fire crab (Vaults:2)
  5 skeletal warriors (D:13)
  A death drake (shapeshifter) (Vaults:1)
  A sea snake (shapeshifter) (Vaults:5)
  7 hill giants
  2 giant orange brains
  A flayed ghost (Vaults:3)
  2 unseen horrors
  29 harpies
  5 phantasmal warriors
  2 deep elf summoners
  25 ironbrand convokers
  A deep troll (shapeshifter) (Vaults:5)
  4 deep trolls (Vaults:5)
  2 deep elf conjurers
  2 necromancers
  31 wolf spiders
  17 orb spiders
  A salamander (D:15)
  7 manticores
  6 fauns (Shoals:3)
  An orc sorcerer (Vaults:3)
  2 oklob plants
  14 griffons
  7 black mambas
  A wolf spider zombie (D:15)
  A sphinx skeleton (Vaults:5)
  A black mamba (shapeshifter) (Vaults:3)
  13 orc knights
  A cyclops (shapeshifter) (Vaults:5)
  14 cyclopes
  23 ugly things
  10 hornets
  4 sirens
  3 moths of wrath
  4 water nymphs
  12 vault sentinels
  An iron dragon skeleton (Vaults:4)
  17 elephants
  A centaur zombie (D:15)
  2 ice statues
  An octopode (shapeshifter) (Vaults:3)
  An elephant (shapeshifter) (D:14)
  2 gargoyles (D:14)
  13 spiny frogs
  A stone giant skeleton (Vaults:5)
  4 torpor snails
  3 fire drakes
  A kobold demonologist (D:13)
  68 yaktaurs
  16 komodo dragons
  11 demonic crawlers
  A human skeleton (Vaults:5)
  6 deep elf priests
  2 spriggan druids (Lair:8)
  11 trolls
  40 jumping spiders
  17 two-headed ogres
  A tengu conjurer (D:14)
  24 polar bears
  2 queen bees (shapeshifter) (Vaults:3)
  A wind drake (shapeshifter) (Vaults:3)
  31 merfolk
  12 blink frogs
  4 wind drakes
  A queen bee (D:8)
  7 freezing wraiths
  24 slime creatures
  5 boulder beetles
  An ettin zombie (Vaults:5)
  The ghost of smajdalf the Conjurer, an amateur DrCj of Ru (D:6)
  5 human simulacra
  6 snapping turtles
  A frost giant simulacrum (Vaults:2)
  A redback (shapeshifter) (Vaults:1)
  15 trapdoor spiders
  11 spriggans (Lair:8)
  A yak (shapeshifter) (Vaults:5)
  A stone giant simulacrum (Vaults:3)
  54 yaks
  12 tarantellas
  65 redbacks
  5 humans (D:14)
  12 hippogriffs
  12 deep elf magi
  2 spriggans (shapeshifter)
  A hog (shapeshifter) (Vaults:3)
  16 deep elf fighters
  2 hogs (D:14)
  6 water elementals
  2 hungry ghosts
  A yaktaur simulacrum (Vaults:4)
  Grum (D:11)
  7 wyverns
  4 basilisks
  61 wolves
  2 wraiths
  12 vampire mosquitoes
  A mottled dragon (shapeshifter) (Vaults:1)
  7 wargs
  16 water moccasins
  7 soldier ants (Lair:2)
  2 mottled dragons
  A soldier ant (shapeshifter) (Vaults:1)
  10 porcupines
  A sky beast (D:6)
  A swamp drake (D:11)
  46 orc warriors
  3 phantoms
  30 spiders
  9 wasps
  2 eyes of draining
  A black bear (shapeshifter) (Vaults:5)
  11 black bears
  11 ice beasts
  45 ogres
  2 ettin simulacra
  A necrophage (D:10)
  22 crocodiles
  23 centaurs
  2 human zombies
  A wyvern zombie (D:14)
  2 big kobolds
  17 giant frogs
  15 wights
  5 scorpions
  26 killer bees
  8 crimson imps
  3 electric eels
  8 hounds
  2 giant frog zombies
  A hound (shapeshifter) (Vaults:5)
  27 orc priests
  43 orc wizards
  6 centaur skeletons
  6 jellies
  2 giant frog skeletons
  A quasit (D:5)
  15 iguanas
  A killer bee zombie (D:8)
  34 worker ants
  24 sheep
  A hound skeleton (D:8)
  A worker ant zombie (D:7)
  13 adders
  3 gnolls (D:4)
  110 river rats
  4 shadow imps
  An ooze (D:2)
  3 adder zombies
  4 worms
  3 giant geckos
  218 orcs
  A ball python (D:7)
  5 giant cockroaches
  7 hobgoblins
  6 jackals
  5 quokkas
  6 bats
  2 giant gecko skeletons
  5 giant newts
  10 goblins
  A jackal skeleton (D:4)
  16 kobolds
  A quokka skeleton (D:7)
  18 rats
  A bush (Lair:2)
  2 fire vortices (Vaults:5)
  A fungus (Lair:5)
  4 plants
2131 creatures vanquished.

Vanquished Creatures (others)
  Kirke (D:14)
  A frost giant (Vaults:5)
  Maud (D:13)
  A vault warden (Vaults:5)
  An ettin (Vaults:5)
  A yaktaur captain (Vaults:3)
  A hydra (Lair:2)
  A necromancer (Vaults:5)
  An ugly thing (Vaults:5)
  2 yaktaurs
  A jumping spider (Spider:3)
  A polar bear (Lair:8)
  2 redbacks
  A yak (IceCv)
  A wolf (Lair:7)
  2 orc warriors (Orc:4)
  2 ogres
  An orc priest (Orc:2)
  An iguana (D:10)
  A river rat (Lair:7)
  An adder skeleton (D:10)
  A fire vortex (Vaults:5)
  38 fungi
  23 plants
  4 tentacles (Shoals:4)
  161 tentacle segments (Shoals:4)
252 creatures vanquished.

Grand Total: 2383 creatures vanquished

Notes
Turn   | Place    | Note
--------------------------------------------------------------
     0 | D:1      | Nakatomy the Minotaur Fighter began the quest for the Orb.
     0 | D:1      | Reached XP level 1. HP: 19/19 MP: 0/0
   285 | D:1      | Reached XP level 2. HP: 24/27 MP: 1/1
   615 | D:2      | Reached skill level 4 in Polearms
   680 | D:2      | Reached XP level 3. HP: 28/33 MP: 2/2
   719 | D:2      | Found a sacrificial altar of Ru.
   729 | D:2      | Became a worshipper of Ru the Awakened
   864 | D:2      | Found an iron altar of Okawaru.
  1373 | D:3      | Reached skill level 5 in Polearms
  1373 | D:3      | Reached XP level 4. HP: 31/40 MP: 3/3
  1671 | D:3      | Gained mutation: You have somewhat slow reflexes. (-3 EV) [Ru sacrifice]
  1671 | D:3      | Reached * piety under Ru
  1821 | D:4      | Reached skill level 6 in Polearms
  1857 | D:4      | Reached XP level 5. HP: 28/46 MP: 4/4
  1893 | D:4      | Found a glowing drain.
  1922 | D:4      | Reached skill level 7 in Polearms
  1929 | Sewer    | Entered a sewer
  2119 | Sewer    | Reached XP level 6. HP: 52/52 MP: 5/5
  2152 | Sewer    | Found a white marble altar of Elyvilon.
  2229 | D:4      | Noticed an ogre
  2237 | D:4      | Killed an ogre
  2237 | D:4      | Reached skill level 8 in Polearms
  2389 | D:4      | Noticed an ogre
  2396 | D:4      | Killed an ogre
  2550 | D:4      | Reached skill level 9 in Polearms
  2998 | D:4      | Noticed a moth of wrath
  3001 | D:4      | Found a bloodstained altar of Trog.
  3086 | D:4      | Got an iridescent mace
  3091 | D:4      | Identified the cursed +0 mace of Irritation {crush, *Rage rN+ Str-3 Dex+10} (You found it on level 4 of the Dungeon)
  3286 | D:5      | Entered Level 5 of the Dungeon
  3315 | D:5      | Found a staircase to the Ecumenical Temple.
  3344 | D:5      | Reached XP level 7. HP: 58/58 MP: 6/6
  3529 | D:5      | Found Teumnux's Weapon Shop.
  3554 | D:5      | Found a snail-covered altar of Cheibriados.
  3560 | D:5      | Noticed a deep elf mage
  3568 | D:5      | Killed a deep elf mage
  3568 | D:5      | Reached skill level 10 in Polearms
  4160 | D:6      | Found a shimmering altar of Xom.
  4332 | D:6      | Gained mutation: You are hated by all. [Ru sacrifice]
  4332 | D:6      | Reached ** piety under Ru
  4370 | D:6      | Reached skill level 11 in Polearms
  4455 | D:6      | Reached XP level 8. HP: 29/66 MP: 7/7
  4825 | D:6      | Noticed smajdalf's ghost (amateur DrCj)
  4833 | D:6      | Killed smajdalf's ghost
  5889 | D:6      | Found Suapni's Antique Armour Shop.
  6051 | D:7      | Reached XP level 9. HP: 63/82 MP: 8/8
  6111 | D:7      | Found a flagged portal.
  6119 | Bailey   | Entered a bailey
  6159 | Bailey   | Noticed Kloppie's ghost (novice CeGl)
  6475 | D:7      | Found a bloodstained altar of Trog.
  6773 | D:7      | Found a shadowy altar of Dithmenos.
  7119 | D:8      | Reached skill level 12 in Polearms
  7540 | D:8      | Noticed a hill giant
  7594 | D:7      | Reached skill level 10 in Fighting
  7799 | D:8      | Reached skill level 13 in Polearms
  8028 | D:8      | Gained mutation: You are frail (-10% HP). [Ru sacrifice]
  8028 | D:8      | Reached *** piety under Ru
  8368 | D:8      | Reached XP level 10. HP: 82/85 MP: 9/9
  8658 | D:8      | Killed a hill giant
  8757 | D:8      | Reached skill level 5 in Armour
  9384 | D:9      | Found Lotetar's Weapon Emporium.
  9418 | D:9      | Got a bloodstained leather armour
  9429 | D:9      | Identified the cursed +0 leather armour of the Leaf {-Cast Dex+3 SInv Stlth+} (You found it on level 9 of the Dungeon)
  9508 | D:9      | Reached skill level 14 in Polearms
  9576 | D:9      | Found a radiant altar of Vehumet.
 10112 | D:10     | Entered Level 10 of the Dungeon
 10696 | D:10     | Reached skill level 15 in Polearms
 11250 | D:10     | Reached XP level 11. HP: 92/92 MP: 10/10
 11290 | D:10     | Noticed Steforg's ghost (journeyman DrCj)
 11304 | D:10     | Killed Steforg's ghost
 11806 | D:10     | Gained mutation: You cannot study or use magical devices. [Ru sacrifice]
 11806 | D:10     | Reached **** piety under Ru
 11806 | D:10     | Reached ***** piety under Ru
 11876 | D:11     | Reached skill level 16 in Polearms
 12004 | D:11     | Found a staircase to the Lair.
 12127 | Lair:1   | Entered Level 1 of the Lair of Beasts
 12618 | Lair:1   | Reached skill level 17 in Polearms
 13074 | Lair:1   | Identified a scroll of acquirement
 13077 | Lair:1   | Got a crude hat
 13083 | Lair:1   | Identified the +0 hat of the Hanged Man {SInv} (You acquired it on level 1 of the Lair of Beasts)
 13336 | Lair:2   | Noticed an eight-headed hydra
 13343 | Lair:2   | Killed a six-headed hydra
 13814 | Lair:2   | Gained mutation: You cannot train Dodging skill. [Ru sacrifice]
 13814 | Lair:2   | Reached ****** piety under Ru
 13974 | Lair:2   | Noticed a queen ant
 13977 | Lair:2   | Reached skill level 18 in Polearms
 13993 | Lair:2   | Killed a queen ant
 14423 | Lair:2   | Reached XP level 12. HP: 99/99 MP: 11/11
 14501 | Lair:2   | Reached skill level 19 in Polearms
 15232 | Lair:3   | Found a staircase to the Shoals.
 15771 | Lair:4   | Reached skill level 20 in Polearms
 16316 | Lair:4   | Noticed a four-headed hydra
 16629 | Lair:4   | Killed a two-headed hydra
 16801 | Lair:4   | Reached skill level 21 in Polearms
 16947 | Lair:4   | Found a hole to the Spider Nest.
 16968 | Lair:4   | Reached XP level 13. HP: 63/104 MP: 12/12
 17592 | Lair:4   | Noticed a four-headed hydra
 17598 | Lair:4   | Killed a two-headed hydra
 18985 | Lair:6   | Reached skill level 22 in Polearms
 19124 | Lair:6   | Found a frozen archway.
 19155 | IceCv    | Entered an ice cave
 20416 | IceCv    | Noticed a frost giant
 20426 | IceCv    | Killed a frost giant
 20795 | IceCv    | Got a brightly glowing golden ring
 20797 | IceCv    | Identified the ring of the Failed Coup {*Confuse EV+3 Int+10} (You found it in an ice cave)
 21078 | Lair:6   | Reached XP level 14. HP: 74/119 MP: 13/13
 21696 | Lair:6   | Found a staircase to the Slime Pits.
 21974 | Lair:7   | Reached skill level 15 in Fighting
 23300 | Lair:8   | Entered Level 8 of the Lair of Beasts
 25511 | Lair:2   | Got a twitching tin ring
 25628 | Lair:1   | Identified the ring of Limitation {SustAt *Corrode Str+3 Int+3} (You found it on level 2 of the Lair of Beasts)
 26210 | D:11     | Noticed Grum
 26217 | D:11     | Killed Grum
 26337 | D:11     | Found a staircase to the Orcish Mines.
 26770 | D:11     | Found a gateway to a bazaar.
 26772 | D:11     | Reached XP level 15. HP: 105/133 MP: 14/14
 26841 | Bazaar   | Entered a bazaar
 26847 | Bazaar   | Found Xaose's Magic Scroll Emporium.
 26847 | Bazaar   | Found Fileusaamp's Jewellery Shoppe.
 26857 | Bazaar   | Bought a scroll of enchant armour for 127 gold pieces
 26861 | Bazaar   | Bought the ring "Qukaum" {+/*Tele rPois rC- rN+ MP+9} for 362 gold pieces
 26861 | Bazaar   | Bought an uncursed amulet of regeneration for 420 gold pieces
 28254 | D:13     | Found Kosok Fun's Jewellery Shoppe.
 28341 | D:13     | Found Feogug's Book Shoppe.
 28502 | D:13     | Reached skill level 10 in Armour
 28647 | D:13     | Noticed Maud
 28654 | D:13     | Killed Maud
 29320 | D:14     | Noticed Kirke
 29339 | D:14     | Killed Kirke
 29563 | D:14     | Got a transparent ring mail
 29574 | D:14     | Identified the +5 ring mail of the Eternal Fruit {rF+ rN+++ Int-2 Dex-2} (You found it on level 14 of the Dungeon)
 29840 | D:14     | Found a gate to the Vaults.
 29973 | D:14     | Noticed Roxanne
 30062 | D:14     | Killed Roxanne
 30068 | D:14     | Identified Roxanne's Handbook of Shape Shifting (You took it off Roxanne on level 14 of the Dungeon)
 30394 | D:15     | Entered Level 15 of the Dungeon
 30597 | D:15     | Found Minookk's Armour Boutique.
 30605 | D:15     | Bought the +0 pair of gloves of the Pits of Slime {rC+ MR+ Dex+2} for 424 gold pieces
 30652 | D:15     | Found Bafysale's Distillery.
 30660 | D:15     | Bought a potion of heal wounds for 80 gold pieces
 30660 | D:15     | Bought a potion of heal wounds for 80 gold pieces
 30705 | D:15     | Noticed Agnes
 30709 | D:15     | Killed Agnes
 30893 | D:15     | Found Pojodyosuy's Weapon Shoppe.
 30955 | D:15     | Reached XP level 16. HP: 143/143 MP: 15/15
 31247 | D:15     | Found Odwin's Gadget Boutique.
 31383 | D:15     | Found a staircase to the Depths.
 31605 | Orc:1    | Entered Level 1 of the Orcish Mines
 31737 | Orc:2    | Found a roughly hewn altar of Beogh.
 31751 | Orc:2    | Noticed Tyryt0's ghost (journeyman GrFi)
 31823 | Orc:2    | Killed Tyryt0's ghost
 31886 | Orc:2    | Noticed Harold
 31896 | Orc:2    | Killed Harold
 32178 | Orc:1    | Found Okhlajupt's Assorted Antiques.
 32516 | Orc:1    | Gained mutation: Your flesh is cold resistant. [potion of beneficial mutation]
 33182 | Orc:4    | Entered Level 4 of the Orcish Mines
 33182 | Orc:4    | Found Quopp's Gadget Shoppe.
 33916 | Orc:4    | Found a staircase to the Elven Halls.
 34093 | Orc:4    | Found Pany's Magic Scroll Shoppe.
 34093 | Orc:4    | Found Qaptecri's Gadget Boutique.
 34095 | Orc:4    | Found Ycecuk's Antique Armour Shop.
 34097 | Orc:4    | Found Utor's Antique Weapon Emporium.
 34112 | Orc:4    | Bought a distressingly furry plate armour for 812 gold pieces
 34122 | Orc:4    | Identified the +1 plate armour of Honour {rPois Regen+ Str+4 Int+4} (You bought it in a shop on level 4 of the Orcish Mines)
 34135 | Orc:4    | Bought a scroll of enchant weapon for 105 gold pieces
 34139 | Orc:4    | Bought a bloodstained plate armour for 812 gold pieces
 34149 | Orc:4    | Identified the +7 plate armour of the Eight Gods {*Confuse rC+ MP+9} (You bought it in a shop on level 4 of the Orcish Mines)
 34421 | Orc:4    | Noticed Rupert
 34487 | Orc:4    | Killed Rupert
 34487 | Orc:4    | Reached skill level 15 in Armour
 35505 | Spider:1 | Entered Level 1 of the Spider Nest
 35829 | Spider:1 | Noticed Aizul
 35841 | Spider:1 | Killed Aizul
 37087 | Spider:2 | Got a spiked plate armour
 37129 | Spider:1 | Identified the +12 plate armour of Action {Str+2} (You found it on level 2 of the Spider Nest)
 38338 | Spider:3 | Got a crude war axe
 38349 | Spider:2 | Identified the cursed +1 war axe of Uroq {distort, rPois rF+} (You found it on level 3 of the Spider Nest)
 38364 | Spider:2 | Gained mutation: You occasionally shout uncontrollably at your foes. [mutagenic glow]
 38389 | Spider:3 | Gained mutation: Scrolls take you a little longer to read. [mutagenic glow]
 38571 | Spider:4 | Entered Level 4 of the Spider Nest
 38592 | Spider:3 | Noticed Louise
 38606 | Spider:3 | Killed Louise
 38606 | Spider:3 | Reached skill level 1 in Axes
 38676 | Spider:3 | Reached XP level 17. HP: 135/153 MP: 14/16
 39235 | Spider:4 | Got a crude trident
 39236 | Spider:4 | Identified the cursed +2 trident of Micuenn {pierce, +Blink +Inv} (You found it on level 4 of the Spider Nest)
 40441 | Spider:4 | Got a gossamer rune of Zot
 40690 | Spider:4 | Reached skill level 23 in Polearms
 41288 | Vaults:1 | Entered Level 1 of the Vaults
 42068 | Vaults:1 | Reached XP level 18. HP: 151/163 MP: 17/17
 42512 | Vaults:1 | Found Gozag's Antique Armour Boutique.
 42517 | Vaults:1 | Found an opulent altar of Gozag.
 42517 | Vaults:1 | Found Gozag's Antique Weapon Boutique.
 42550 | Vaults:1 | Found Gozag's Assorted Antiques.
 43841 | Vaults:2 | Found Foriod's Book Shop.
 44930 | Vaults:3 | Found a portal to a secret trove of treasure.
 45150 | Vaults:3 | Found a staircase to the Crypt.
 45150 | Vaults:3 | Found an ancient bone altar of Kikubaaqudgha.
 45151 | Vaults:3 | Found a basalt altar of Yredelemnul.
 45391 | Vaults:3 | Reached XP level 19. HP: 164/173 MP: 16/18
 46644 | D:13     | Bought an uncursed amulet of warding for 210 gold pieces
 47026 | Vaults:4 | Reached skill level 24 in Fighting
 47770 | Vaults:4 | Noticed Sojobo
 47806 | Vaults:4 | Killed Sojobo
 47976 | Vaults:4 | Found Qyosof's Armour Boutique.
 47991 | Vaults:4 | Noticed futacatgirl's ghost (adept DsGl)
 48535 | Vaults:4 | Reached skill level 25 in Fighting
 48975 | Vaults:4 | Paralysed by an ogre mage for 3 turns
 49155 | Vaults:4 | Killed futacatgirl's ghost
 49421 | Vaults:4 | Reached XP level 20. HP: 183/189 MP: 19/19
 50124 | Vaults:5 | Entered Level 5 of the Vaults
 50512 | Vaults:5 | Reached skill level 26 in Fighting
 50667 | Vaults:5 | Paralysed by a sphinx for 2 turns
 50883 | Vaults:5 | Noticed a golden dragon
 50900 | Vaults:5 | Killed a golden dragon
 50903 | Vaults:5 | Noticed a golden dragon
 50912 | Vaults:4 | Killed a golden dragon
 51274 | Vaults:4 | Reached skill level 27 in Fighting
 51473 | Vaults:5 | HP: 7/194 [titan (23)]
 51480 | Vaults:5 | HP: 9/194 [stone giant/large rock (5)]
 51518 | Vaults:5 | HP: 8/194 [titan/the air (3)]
 52410 | Vaults:5 | Lost mutation: Scrolls take you a little longer to read. [potion of cure mutation]
 52410 | Vaults:5 | Lost mutation: You occasionally shout uncontrollably at your foes. [potion of cure mutation]
 52410 | Vaults:5 | Lost mutation: Your flesh is cold resistant. [potion of cure mutation]
 52506 | Vaults:5 | Noticed an ancient lich
 52523 | Vaults:5 | Killed an ancient lich
 52523 | Vaults:5 | Reached XP level 21. HP: 63/201 MP: 20/20
 52598 | Vaults:5 | Noticed Kloppie's ghost (veteran MiMo)
 52620 | Vaults:5 | Killed Kloppie's ghost
 53027 | Vaults:5 | Got a silver rune of Zot
 53084 | Vaults:5 | Noticed a golden dragon
 53485 | Vaults:5 | Killed a golden dragon
 54497 | Vaults:5 | Noticed an ancient lich
 54542 | Vaults:5 | Killed an ancient lich
 55260 | Vaults:5 | Identified Cigotuvi's Grimoire of Poisonous Shape Shifting
 56324 | Shoals:1 | Entered Level 1 of the Shoals
 56420 | Shoals:1 | Reached skill level 5 in Axes
 56477 | Shoals:1 | Noticed Clownie's ghost (adept OpAs)
 56502 | Shoals:1 | Killed Clownie's ghost
 57493 | Shoals:2 | Reached XP level 22. HP: 198/209 MP: 21/21
 57526 | Shoals:2 | Noticed Polyphemus
 57546 | Shoals:2 | Killed Polyphemus
 58126 | Shoals:3 | Reached skill level 10 in Axes
 58545 | Shoals:3 | Reached skill level 1 in Spellcasting
 58992 | Shoals:4 | Entered Level 4 of the Shoals
 59366 | Shoals:4 | Got an ancient quarterstaff {venom}
 59551 | Shoals:4 | Found Kullem's Antique Weapon Emporium.
 59570 | Shoals:4 | HP: 4/209 [harpy (8)]
 59588 | Shoals:4 | Killed from afar by a merfolk aquamancer

Action                   |  1- 3 |  4- 6 |  7- 9 | 10-12 | 13-15 | 16-18 | 19-21 | 22-24 || total
-------------------------+-------+-------+-------+-------+-------+-------+-------+-------++-------
Melee: Trident           |   132 |   153 |   334 |    96 |       |       |       |       ||   715
       Mace              |       |     6 |   126 |       |       |       |       |       ||   132
       Glaive            |       |       |       |   659 |  1424 |  1702 |  1206 |   303 ||  5294
       Executioner's axe |       |       |       |       |       |    12 |    28 |    30 ||    70
Invok: Sacrifice Health  |       |     1 |     1 |       |       |       |       |       ||     2
       Sacrifice Love    |       |       |     1 |       |       |       |       |       ||     1
       Sacrifice Artific |       |       |       |     1 |       |       |       |       ||     1
       Sacrifice Nimblen |       |       |       |     1 |       |       |       |       ||     1
       Apocalypse        |       |       |       |       |     2 |       |     3 |     1 ||     6
       Power Leap        |       |       |       |       |     9 |     2 |       |       ||    11
       Draw Out Power    |       |       |       |       |       |     1 |     4 |       ||     5
Evoke: Wand              |       |       |       |     1 |       |       |       |       ||     1
  Use: Scroll            |       |     8 |     8 |    13 |    17 |     6 |     8 |       ||    60
       Potion            |       |       |     5 |     3 |     2 |     8 |    24 |     3 ||    45
 Stab: Distracted        |       |       |     2 |     4 |     6 |     3 |     8 |     1 ||    24
       Invisible         |       |       |       |     5 |    10 |    14 |    19 |     4 ||    52
       Paralysed         |       |       |       |     7 |    17 |     8 |     5 |     5 ||    42
  Eat: Chunk             |     1 |     7 |    24 |    20 |    34 |    25 |    10 |     7 ||   128
       Fruit             |       |       |     1 |     1 |     2 |     7 |     3 |       ||    14
       Pizza             |       |       |       |     2 |     2 |       |     1 |       ||     5
       Beef jerky        |       |       |       |     4 |     3 |     2 |     1 |       ||    10
       Meat ration       |       |       |       |       |     1 |     3 |     2 |       ||     6
       Royal jelly       |       |       |       |       |       |     1 |     5 |       ||     6
       Bread ration      |       |       |       |       |       |       |     1 |       ||     1
